 Dungeon Crawl Stone Soup version 0.21-a0-372-gd0ff781 (webtiles) character file.

81 pichaelthompson the Charmwright (level 4, 0/29 HPs)
             Began as an Octopode Skald on Oct 16, 2017.
             Slain by pichaelthompson's ghost (5 damage)
             ... on level 3 of the Dungeon.
             The game lasted 00:05:48 (2666 turns).

pichaelthompson the Charmwright (Octopode Skald)    Turns: 2666, Time: 00:05:48

Health: 0/29       AC:  1    Str: 11    XL:     4   Next: 42%
Magic:  4/7        EV: 12    Int: 17    God:
Gold:   207        SH:  0    Dex: 11    Spells: 1/8 levels left

rFire    + . .     SeeInvis .   a - +0 spear
rCold    + . .     Gourm    .   (no shield)
rNeg     . . .     Faith    .   (helmet restricted)
rPois    .         Spirit   .   (no amulet)
rElec    .         Reflect  .   g - ring of protection from cold
rCorr    .         Harm     .   l - +2 ring of intelligence
MR       .....                  n - ring of protection from fire
Stlth    ++........             (no ring)
HPRegen  0.09/turn              (no ring)
MPRegen  0.10/turn              (no ring)
                                (no ring)
                                (no ring)

@: heavily drained
A: almost no armour, stealthy swim, amphibious, 8 rings, constrict 8, camouflage
1, gelatinous body 1
a: no special abilities


You were on level 3 of the Dungeon.
You were hungry.

You visited 1 branch of the dungeon, and saw 3 of its levels.

You collected 207 gold pieces.

Inventory:

Hand Weapons
 a - a +0 spear (weapon)
Jewellery
 g - a ring of protection from cold (left tentacle)
 l - a +2 ring of intelligence (right tentacle)
 n - a ring of protection from fire (on tentacle)
 o - an uncursed amulet of regeneration {unknown}
Scrolls
 d - 4 scrolls of remove curse {unknown}
 e - a scroll of enchant weapon {unknown}
 f - 2 scrolls of teleportation {unknown}
 h - a scroll of amnesia {unknown}
Potions
 i - a potion of agility {unknown}
 m - a potion of resistance {unknown}
 p - 2 potions of curing {unknown}
Books
 b - a book of Battle

   Spells                             Type                      Level
   a - Infusion                       Charms                       1
   b - Shroud of Golubria             Charms/Translocation         2
   c - Song of Slaying                Charms                       2
   d - Spectral Weapon                Hexes/Charms                 3
   e - Regeneration                   Charms/Necromancy            3
Comestibles
 c - 3 bread rations
 k - 3 fruits


   Skills:
 + Level 2.2(0.3) Fighting
 + Level 2.5(0.6) Polearms
 + Level 2.6(0.6) Dodging
 + Level 1.3(0.0) Stealth
 * Level 2.5(0.5) Spellcasting
 * Level 0.5(0.0) Hexes
 * Level 3.7(1.7) Charms
 * Level 0.1(0.0) Necromancy


You had one spell level left.
You knew the following spells:

 Your Spells              Type           Power        Failure   Level  Hunger
a - Infusion              Chrm           #...         11%         1    ##.....
b - Spectral Weapon       Hex/Chrm       #.......     43%         3    ####...
c - Regeneration          Chrm/Necr      #.........   43%         3    ####...


Dungeon Overview and Level Annotations

Branches:
Dungeon (3/15)

Altars:
Kikubaaqudgha
Sif Muna
Xom
Yredelemnul
Zin
The Shining One

Annotations:
D:3 pichaelthompson's ghost, amateur OpSk


Innate Abilities, Weirdness & Mutations

You cannot wear most types of armour.
You are very stealthy in the water. (Stealth+)
You are amphibious.
You can wear up to eight rings at the same time.
You can use your tentacles to constrict eight enemies at once.
Your skin changes colour to match your surroundings (Stealth+).
Your rubbery body absorbs attacks. (AC +1, EV +1)


Message History

You barely miss pichaelthompson's ghost.
Your spectral weapon hits pichaelthompson's ghost from afar.
The giant cockroach barely misses you. Pichaelthompson's ghost hits you.
You feel drained. The giant cockroach bites you.
You miss pichaelthompson's ghost.
Pichaelthompson's ghost is lightly damaged.
Your spectral weapon misses pichaelthompson's ghost.
Pichaelthompson's ghost hits you.
You feel drained. The giant cockroach barely misses you.
You hit pichaelthompson's ghost.
Pichaelthompson's ghost is lightly damaged.
Your spectral weapon completely misses pichaelthompson's ghost.
Pichaelthompson's ghost hits you.
* * * LOW HITPOINT WARNING * * *
You feel drained.
The giant cockroach bites you but does no damage.
The giant cockroach bites you.
* * * LOW HITPOINT WARNING * * *
Pichaelthompson's ghost hits you.
You die...

.......###.....##............
.......###...........########
..........................# #
............##+#..........#####
...........##.#...............
#.................[.....#####
#.................[######....
#..........sW......# #####
#..........(@......#####
#............#>........#
##########...#.##..#####
#...#.##......# #...#.##.####.#
##....##.##...# ####....##.###
####....#####.####
##................#


You could see pichaelthompson's ghost, a giant cockroach and a friendly spectral
spear.

Vanquished Creatures
  A hound (D:3)
  An adder (D:3)
  A worm (D:2)
  A dart slug (D:1)
  2 leopard geckos
  2 giant cockroaches
  4 goblins
  5 hobgoblins
  3 kobolds (D:1)
  3 quokkas
  5 bats (D:2)
  3 frilled lizards
  3 rats (D:1)
34 creatures vanquished.

Notes
Turn   | Place    | Note
-------+----------+-------------------------------------------
     0 | D:1      | pichaelthompson the Octopode Skald began the quest for the Orb.
     0 | D:1      | Reached XP level 1. HP: 14/14 MP: 3/3
   188 | D:1      | Reached XP level 2. HP: 15/19 MP: 5/5
   219 | D:1      | Found a glowing golden altar of the Shining One.
  1142 | D:2      | Found a glowing silver altar of Zin.
  1143 | D:2      | Noticed an angel
  1145 | D:2      | Found a shimmering altar of Xom.
  1190 | D:2      | Reached XP level 3. HP: 24/24 MP: 6/6
  1199 | D:2      | Learned a level 3 spell: Spectral Weapon
  1310 | D:2      | HP: 1/24 [worm (10)]
  1685 | D:2      | Noticed a hippogriff
  1803 | D:3      | Noticed pichaelthompson's ghost (amateur OpSk)
  1840 | D:3      | Reached skill level 1 in Stealth
  1840 | D:3      | Reached XP level 4. HP: 24/29 MP: 7/7
  1850 | D:3      | Learned a level 3 spell: Regeneration
  1868 | D:3      | Found an ancient bone altar of Kikubaaqudgha.
  2139 | D:3      | Found a glowing golden altar of the Shining One.
  2139 | D:3      | Found a deep blue altar of Sif Muna.
  2328 | D:3      | Found a basalt altar of Yredelemnul.
  2666 | D:3      | Slain by pichaelthompson's ghost

Vault maps used:
D:1:      saegor_arrival_simple_c, tso_altar
D:2:      grunt_temple_overflow_order_and_chaos_1, first_bread, serial_undead,
          serial_undead_f, serial_undead_c, serial_undead_e, serial_undead_d,
          lightli_corner_chamber
D:3:      kiku_gazebo_garden_becter, lemuel_round_altar,
          gammafunk_temple_overflow_statue, minmay_misc_feat_four_crosses,
          uniq_grinder, uniq_terence, uniq_crazy_yiuf_cottage, uniq_robin

Skill      XL: |  1  2  3 |
---------------+----------+-----
Stealth        | 1 |  1.3
Fighting       | |  2.2
Polearms       | |  2.5
Dodging        | |  2.6
Spellcasting   | |  2.5
Hexes          | |  0.5
Charms         | |  3.7
Necromancy     | |  0.1

Action                   |  1- 3 |  4- 6 || total
-------------------------+-------+-------++-------
Melee: Spear             |    91 |    21 ||   112
       Constrict         |    14 |     4 ||    18
       Tentacles         |    13 |     2 ||    15
 Cast: Spectral Weapon   |     1 |     1 ||     2
 Stab: Sleeping          |     5 |     2 ||     7
  Eat: Chunk             |     3 |     2 ||     5
Armor: Skin              |     6 |     6 ||    12
Dodge: Dodged            |    55 |    16 ||    71

Table legend:
 A = Spawn XP
 B = Non-spawn XP
 C = Spawn XP percentage of total XP
 D = Spawn monster count
 E = Non-spawn monster count
 F = Spawn count percentage of total count
 G = Total turns spent on level
                    A         B        C        D         E        F      G
               +---------+---------+-------+---------+---------+-------+---------
         Total |       0 |     117 |   0.0 |       0 |      34 |   0.0 |  2666
               +---------+---------+-------+---------+---------+-------+---------
           D:1 |       0 |      17 |   0.0 |       0 |      10 |   0.0 |   560
           D:2 |       0 |      31 |   0.0 |       0 |      16 |   0.0 |  1110
           D:3 |       0 |      69 |   0.0 |       0 |       8 |   0.0 |   996
               +---------+---------+-------+---------+---------+-------+---------
